 Dungeon Crawl Stone Soup version 0.23-a0-489-g205b0b6 (console) character file.

95 bli the Digger (level 4, -4/24 HPs)
             Began as a Gargoyle Earth Elementalist on Dec 2, 2018.
             Killed by nerve-wracking pain
             ... invoked by an orc priest
              (7 damage)
             ... on level 3 of the Dungeon.
             The game lasted 00:10:14 (2138 turns).

bli the Digger (Gargoyle Earth Elementalist)        Turns: 2138, Time: 00:10:16

Health: -4/24      AC:  5    Str: 11    XL:     4   Next: 65%
Magic:  3/8        EV: 12    Int: 17    God:
Gold:   113        SH:  0    Dex: 10    Spells: 6/9 levels left

rFire    . . .     SeeInvis .   m - +0 whip
rCold    . . .     Gourm    .   (no shield)
rNeg     + . .     Faith    .   c - +0 robe
rPois    ∞         Spirit   .   (no helmet)
rElec    +         Reflect  .   (no cloak)
rCorr    .         Harm     .   (no gloves)
MR       .....                  (no boots)
Stlth    ++........             (no amulet)
HPRegen  0.08/turn              (no ring)
MPRegen  0.11/turn              (no ring)

@: no status effects
A: negative energy resistance 1, electricity resistance, unbreathing,
petrification resistance, rot immunity, AC +3
a: no special abilities


You were on level 3 of the Dungeon.
You were not hungry.

You visited 1 branch of the dungeon, and saw 3 of its levels.

You collected 113 gold pieces.

Inventory:

Hand Weapons
 i - a +0 club
 m - a +0 whip (weapon)
 s - a +0 hunting sling
Missiles
 b - 50 stones (quivered)
 p - 2 tomahawks
 r - 11 sling bullets
Armour
 c - a +0 robe (worn)
 k - a +0 leather armour
Scrolls
 a - 3 scrolls of identify {unknown}
 g - a scroll of fog {unknown}
 j - 4 scrolls of remove curse {unknown}
 l - a scroll of enchant armour {unknown}
 q - a scroll of amnesia {unknown}
Potions
 e - 2 potions of degeneration {unknown}
 f - a potion of might {unknown}
 n - a potion of cancellation {unknown}
 o - a potion of agility {unknown}
Comestibles
 d - 2 rations
 h - 7 chunks of flesh


   Skills:
 + Level 0.2 Fighting
 + Level 1.3 Maces & Flails
 - Level 1.5 Dodging
 - Level 2.1 Stealth
 + Level 3.2 Spellcasting
 + Level 0.7 Transmutations
 * Level 4.9 Earth Magic


You had 6 spell levels left.
You knew the following spells:

 Your Spells              Type           Power        Failure   Level  Hunger
a - Sandblast             Erth           ###...       2%          1    None
W - Passwall              Tmut/Erth      ##......     9%          2    ##.....

Your spell library contained the following spells:

 Spells                   Type           Power        Failure   Level  Hunger
 Stone Arrow              Conj/Erth      ##....       19%         3    ###....
 Petrify                  Tmut/Erth      ##......     47%         4    ####...
 Lee's Rapid Deconstruct  Erth           ###.......   54%         5    ######.


Dungeon Overview and Level Annotations

Branches:
Dungeon (3/15)

Altars:
Dithmenos


Innate Abilities, Weirdness & Mutations

You are resistant to torment.
Your stone body is resilient. (AC +3)
You are immune to poison.
You resist negative energy. (rN+)
You are resistant to electric shocks. (rElec)
You can survive without breathing.
You are immune to petrification.
You are immune to rotting.


Message History

Aiming: Sandblast (safe; 2% risk of failure)
Press: ? - help, Shift-Dir - straight line, f/p - orc priest
Aim: an orc priest, wielding a +0 morningstar and wearing a +0 scale mail The blast of sand hits the orc priest.
b - 51 stones The orc priest calls down the wrath of Beogh upon you.
Beogh smites you!
Ouch! That really hurt!
* * * LOW HITPOINT WARNING * * *
Casting: Sandblast (safe; 2% risk of failure)
Confirm with . or Enter, or press ? or * to list all spells.
Aiming: Sandblast (safe; 2% risk of failure)
Press: ? - help, Shift-Dir - straight line, f/p - orc priest
Aim: an orc priest, wielding a +0 morningstar and wearing a +0 scale mail The blast of sand hits the orc priest.
The orc priest is severely wounded.
b - 50 stones The orc priest mumbles some strange prayers to Beogh against you.
Pain shoots through your body!
You die...

#.# ###.# #. #.#
#...# #. #.# #.###
#. #.# #.# #.
#.#########.# #.
#.##........# #.
#.##.######## #.
#.##.## #. #.##..##
#. #.##.#.## #. #
#.#@###.###########.
#. #.o##
##..(......... .###
###÷###.############
..# ##.#.## #.#
#..## ..#
##.#######)##
.....##..o.o)((..#
.o......)..#######
......o##..# .._S..#
##.# ...... ..#


You could see an orc priest.

Vanquished Creatures
  An ooze (D:1)
  2 worms (D:2)
  A dart slug (D:1)
  3 leopard geckos
  5 orcs (D:3)
  2 ball pythons (D:2)
  9 bats
  5 giant cockroaches
  4 goblins
  12 hobgoblins
  3 jackals (D:1)
  2 kobolds (D:2)
  8 frilled lizards
  15 rats
72 creatures vanquished.

Notes
Turn   | Place    | Note
-------+----------+-------------------------------------------
     0 | D:1      | bli the Gargoyle Earth Elementalist began the quest for the
                  | Orb.
     0 | D:1      | Reached XP level 1. HP: 10/10 MP: 3/3
   104 | D:1      | Reached skill level 4 in Earth Magic
   104 | D:1      | Reached XP level 2. HP: 15/15 MP: 1/5
   749 | D:1      | Reached XP level 3. HP: 19/19 MP: 4/7
  1520 | D:2      | Reached XP level 4. HP: 18/24 MP: 8/8
  1621 | D:2      | Reached skill level 1 in Maces & Flails
  1907 | D:3      | Learned a level 2 spell: Passwall
  2099 | D:3      | Found a shadowy altar of Dithmenos.
  2138 | D:3      | Killed from afar by an orc priest

Vault maps used:
D:1:      scummos_arrival_simple_fountains
D:2:      minmay_lizard_king
D:3:      nicolae_gozag_zags_fifth_avenue, nicolae_dithmenos_shadow_blocks,
          chequers_ecumenical_altar_simple

Skill      XL: |  1  2  3  4 |
---------------+-------------+-----
Earth Magic    | 4 |  4.9
Spellcasting   | 3 |  3.2
Maces & Flails | 1 |  1.3
Fighting       | |  0.2
Dodging        | |  1.5
Stealth        | |  2.1
Transmutations | |  0.7

Action                   |  1- 3 |  4- 6 || total
-------------------------+-------+-------++-------
Melee: Unarmed           |    61 |       ||    61
       Club              |    42 |       ||    42
       Whip              |    48 |    59 ||   107
Throw: Stone             |     2 |       ||     2
 Cast: Sandblast         |    32 |    16 ||    48
 Stab: Sleeping          |     6 |     2 ||     8
  Eat: Chunk             |     2 |     2 ||     4
Armor: Robe              |    65 |    21 ||    86
Dodge: Dodged            |   122 |    46 ||   168

Table legend:
 A = Non-vault XP
 B = Vault XP
 C = Vault XP percentage of total XP
 D = Non-vault monster count
 E = Vault monster count
 F = Vault count percentage of total count
                 A         B        C        D         E       F
            +---------+---------+-------+---------+---------+-------
      Total |     129 |       7 |   5.1 |      67 |       5 |   6.9
            +---------+---------+-------+---------+---------+-------
        D:1 |      59 |       0 |   0.0 |      34 |       0 |   0.0
        D:2 |      44 |       7 |  13.7 |      22 |       5 |  18.5
        D:3 |      26 |       0 |   0.0 |      11 |       0 |   0.0
            +---------+---------+-------+---------+---------+-------
